 Dungeon Crawl Stone Soup version 0.24.1-8-ga250c9d538 (webtiles) character file.

Game seed: 1371595566350418212, levelgen mode: deterministic

515 Hugehornet the Insei (level 7, -3/43 HPs)
             Began as an Octopode Transmuter on May 1, 2020.
             Slain by an orc warrior
             ... wielding a +0 scimitar
              (20 damage)
             ... on level 4 of the Dungeon.
             The game lasted 00:09:46 (4022 turns).

Hugehornet the Insei (Octopode Transmuter)          Turns: 4022, Time: 00:09:47

Health: -3/43      AC:  1    Str: 10    XL:     7   Next: 20%
Magic:  8/12       EV: 13    Int: 17    God:
Gold:   157        SH:  0    Dex: 12    Spells: 3/13 levels left

rFire    . . .     SeeInvis .     - Unarmed
rCold    . . .     Gourm    .   (no shield)
rNeg     . . .     Faith    .   (helmet restricted)
rPois    .         Spirit   .   (no amulet)
rElec    .         Reflect  .   (no ring)
rCorr    .         Harm     .   (no ring)
MR       .....                  (no ring)
Stlth    ++........             (no ring)
HPRegen  0.14/turn              (no ring)
MPRegen  0.13/turn              (no ring)
                                (no ring)
                                (no ring)

@: very slightly contaminated
A: almost no armour, stealthy swim, amphibious, 8 rings, constrict 8, camouflage
1, gelatinous body 1
a: no special abilities


You were on level 4 of the Dungeon.
You were not hungry.

You visited 1 branch of the dungeon, and saw 4 of its levels.

You collected 157 gold pieces.

Inventory:

Missiles
 a - 12 arrows
Jewellery
 l - an uncursed amulet of the acrobat
Wands
 m - a wand of polymorph (8)
Scrolls
 b - 3 scrolls of teleportation {unknown}
 d - a scroll of amnesia {unknown}
 e - 8 scrolls of identify {unknown}
 g - a scroll of enchant weapon {unknown}
 h - 2 scrolls of remove curse {unknown}
 j - 3 scrolls of blinking {unknown}
 n - a scroll of fog {unknown}
Potions
 f - a potion of agility {unknown}
 i - 2 potions of lignification {unknown}
 k - 5 potions of curing
 o - a potion of berserk rage {unknown}
 p - a potion of brilliance {unknown}
Comestibles
 c - 8 rations


   Skills:
 - Level 1.0 Fighting
 - Level 2.0 Dodging
 * Level 5.6 Unarmed Combat
 + Level 3.6 Spellcasting
 + Level 3.8 Transmutations
 - Level 3.0 Poison Magic


You had 3 spell levels left.
You knew the following spells:

 Your Spells              Type           Power        Failure   Level  Hunger
a - Beastly Appendage     Tmut           ###...       3%          1    None
b - Sticks to Snakes      Tmut           ###.....     4%          2    ##.....
c - Spider Form           Tmut/Pois      ##........   12%         3    ###....
d - Ice Form              Ice/Tmut       #.......     58%         4    ####...

Your spell library contained the following spells:

 Spells                   Type           Power        Failure   Level  Hunger
 Blade Hands              Tmut           ###.......   67%         5    ######.


Dungeon Overview and Level Annotations

Branches:
Dungeon (4/15)
 Temple: D:4-7

Altars:


Innate Abilities, Weirdness & Mutations

You cannot wear most types of armour.
You are very stealthy in the water. (Stealth+)
You are amphibious.
You can wear up to eight rings at the same time.
You can use your tentacles to constrict eight enemies at once.
Your skin changes colour to match your surroundings (Stealth+).
Your rubbery body absorbs attacks. (AC +1, EV +1)


Message History

Confirm with . or Enter, or press ? or * to list all spells.
You miscast Spider Form.
You are very lightly contaminated with residual magic.
Waves of light ripple over your body.
You constrict the orc priest.
You kill the orc priest!
Casting: Spider Form (safe; 12% risk of failure)
Confirm with . or Enter, or press ? or * to list all spells.
You miscast Spider Form.
You feel a strange surge of energy!
The orc warrior hits you with a +0 scimitar!!
* * * LOW HITPOINT WARNING * * *
Your transformation is almost over.
The orc wizard miscasts a cantrip.
The orc wizard gestures wildly while chanting.
The orc wizard flickers and vanishes!
Deactivating autopickup; reactivate with Ctrl-A.
You hear some strange, mumbled words.
Your tentacle spike disappears.
You feel better.
The orc warrior hits you with a +0 scimitar!!
You die...

........#..#..##.#......... .#
....^#................#..# #.#
.......####...†......#...###..#
........(##...................###
..........#......................
...<...................##...#####
.....###...<........######..# .
...()................## #...# ..
....).#.##......@o..o.###..####.#
.....#..##........÷.#.o...)##.).#
....#..##....#.###..###.......#
....#.#...#.......#.# #.......#
###.........>.###.#.# #.......#
###....).....##.#.# #....##....
##................###..####....
###...#..................# #....
#......................... .....


You could see an orc warrior and 2 orcs.

Vanquished Creatures
  Sigmund (D:3)
  An orc wizard (D:4)
  2 orc priests (D:4)
  Jessica (D:2)
  3 worker ants
  6 adders
  2 oozes
  2 dart slugs
  A leopard gecko (D:1)
  10 orcs
  3 ball pythons
  8 bats
  5 giant cockroaches
  8 goblins
  8 hobgoblins
  8 jackals (D:2)
  4 quokkas
  4 frilled lizards
  8 kobolds
  3 rats
88 creatures vanquished.

Notes
Turn   | Place    | Note
-------+----------+-------------------------------------------
     0 | D:1      | Hugehornet the Octopode Transmuter began the quest for the
                  | Orb.
     0 | D:1      | Reached XP level 1. HP: 13/13 MP: 3/3
   223 | D:1      | Reached XP level 2. HP: 15/18 MP: 5/5
   607 | D:1      | Reached XP level 3. HP: 19/23 MP: 4/6
   914 | D:2      | Noticed Jessica
   917 | D:2      | Killed Jessica
   926 | D:2      | Learned a level 2 spell: Sticks to Snakes
   930 | D:2      | Learned a level 3 spell: Spider Form
   959 | D:2      | Reached XP level 4. HP: 28/28 MP: 4/7
  1053 | D:2      | Reached skill level 1 in Poison Magic
  2068 | D:3      | Reached XP level 5. HP: 28/33 MP: 8/8
  2073 | D:3      | Reached skill level 4 in Unarmed Combat
  2587 | D:3      | Noticed Sigmund
  2606 | D:3      | Killed Sigmund
  2606 | D:3      | Reached skill level 5 in Unarmed Combat
  2606 | D:3      | Reached XP level 6. HP: 4/38 MP: 6/10
  3487 | D:3      | Learned a level 4 spell: Ice Form
  3574 | D:4      | Reached XP level 7. HP: 41/43 MP: 8/12
  3667 | D:4      | HP: 2/43 [poisoned by a worker ant]
  3675 | D:4      | HP: 1/43 [poisoned by a worker ant]
  4022 | D:4      | Slain by an orc warrior

Levels and vault maps discovered:
D:1:      nicolae_arrival_memento_mori, layout_basic
D:2:      layout_loops_ring, uniq_jessica
D:3:      layout_basic, uniq_ijyb, uniq_sigmund
D:4:      layout_rooms, minmay_misc_feat_alley

Skill      XL: |  1  2  3  4  5 |
---------------+----------------+-----
Poison Magic   | 3 |  3.0
Unarmed Combat | 5 |  5.6
Spellcasting   | 3 |  3.6
Transmutations | 3 |  3.8
Fighting       | |  1.0
Dodging        | |  2.0

Action                   |  1- 3 |  4- 6 |  7- 9 || total
-------------------------+-------+-------+-------++-------
Melee: Unarmed           |    50 |   153 |    17 ||   220
       Constrict         |    14 |    31 |     4 ||    49
       Kick              |    13 |    18 |     7 ||    38
       Tentacles         |     5 |    13 |     4 ||    22
       Punch             |       |     1 |     1 ||     2
 Cast: Beastly Appendage |    14 |    31 |     4 ||    49
       Spider Form       |       |     7 |       ||     7
  Use: Potion            |       |       |     1 ||     1
 Stab: Sleeping          |     3 |     7 |       ||    10
  Eat: Chunk             |       |    10 |     1 ||    11
Armor: Skin              |     5 |    28 |     1 ||    34
Dodge: Dodged            |    28 |   147 |     8 ||   183
